 Dungeon Crawl Stone Soup version 0.26-a0-670-g578ab304f5 (webtiles) character file.

Game seed: 4372241223844293786

84 PentaManta the Ruffian (level 4, -2/35 HPs)
             Began as a Ghoul Artificer on Oct 19, 2020.
             Slain by Crazy Yiuf
             ... wielding a +4 quarterstaff of chaos
              (3 damage)
             ... while paralysed by Crazy Yiuf
             ... on level 2 of the Dungeon.
             The game lasted 00:02:39 (2252 turns).

PentaManta the Ruffian (Ghoul Artificer)            Turns: 2252, Time: 00:02:40

Health: -2/35      AC:  8    Str: 22    XL:     4   Next: 46%
Magic:  3/3        EV:  2    Int:  6    God:
Gold:   135        SH:  0    Dex:  9    Spells: 3/3 levels left

rFire    . . .     SeeInvis .     - Unarmed
rCold    + . .     Faith    .   (no shield)
rNeg     + + +     Spirit   .   k - +0 ring mail
rPois    ∞         Reflect  .   p - +2 helmet
rElec    .         Harm     .   (no cloak)
rCorr    .         Rampage  .   (no gloves)
MR       .....                  (no boots)
Stlth    +.........             (no amulet)
HPRegen  0.00/turn              a - +6 ring of strength
MPRegen  0.08/turn              (no ring)

@: paralysed
A: rotting body, claws 1, cold resistance 1, negative energy resistance 3,
inhibited regeneration, torment resistance, unbreathing
a: no special abilities


You were on level 2 of the Dungeon.
You visited 1 branch of the dungeon, and saw 2 of its levels.

You collected 135 gold pieces.

Inventory:

Hand Weapons
 m - a +0 whip of venom
Missiles
 n - 3 atropa-tipped darts (quivered)
Armour
 k - a +0 ring mail (worn)
 p - a +2 helmet (worn)
Jewellery
 a - a +6 ring of strength (left claw)
Wands
 c - a wand of flame (15)
 d - a wand of enslavement (15)
 e - a wand of random effects (15)
Scrolls
 b - a scroll of noise {unknown}
 f - 5 scrolls of identify {unknown}
 h - 3 scrolls of teleportation {unknown}
 i - a scroll of blinking {unknown}
 j - a scroll of fear {unknown}
Potions
 g - 2 potions of heal wounds {unknown}
 l - a potion of mutation {unknown}
 o - a potion of curing {unknown}


   Skills:
 - Level 1.1 Fighting
 - Level 2.5 Armour
 - Level 2.0 Dodging
 - Level 1.1 Stealth
 + Level 2.8 Unarmed Combat
 - Level 2.6 Evocations


You had 3 spell levels left.
You didn't know any spells.
Your spell library was empty.

Dungeon Overview and Level Annotations

Branches:
Dungeon (2/15)

Altars:

Annotations:
D:2 Crazy Yiuf


Innate Abilities, Weirdness & Mutations

Your body is rotting away.
You thrive by killing the living.
You are immune to poison.
You have sharp fingernails.
Your flesh is cold resistant. (rC+)
You are immune to negative energy. (rN+++)
You do not regenerate when monsters are visible.
You are immune to unholy pain and torment.
You can survive without breathing.


Message History

You scratch Crazy Yiuf.
Crazy Yiuf is moderately wounded.
Crazy Yiuf hits you with a +4 quarterstaff of chaos!
Crazy Yiuf freezes you.
You scratch Crazy Yiuf but do no damage.
Crazy Yiuf is moderately wounded.
Crazy Yiuf barely misses you.
You barely miss Crazy Yiuf.
Crazy Yiuf is moderately wounded.
Crazy Yiuf hits you with a +4 quarterstaff of chaos.
You suddenly lose the ability to move!
Crazy Yiuf hits you with a +4 quarterstaff of chaos.
Crazy Yiuf burns you.
Crazy Yiuf flaps his cloak.
Crazy Yiuf hits you with a +4 quarterstaff of chaos.
* * * LOW HITPOINT WARNING * * *
You are electrocuted!
* * * LOW HITPOINT WARNING * * *
Crazy Yiuf hits you with a +4 quarterstaff of chaos.
You die...

#..####.........##...............
).....'..........'......[........
.).####.........##...####........
......'..############# #........
..#####..# #........ ..# #..#
############.). #.# #..# ###
###.#..#.## #... #.# #..#
#...##..#......## #... .## #..#
#...g@####......# #... .# ####
#)..### ##.#...###... †# ###
#####....... .# #....... .#
#......# .#### #......# ....#
#......# ....# ######## ....# #..


You could see Crazy Yiuf.

Vanquished Creatures
  2 adders (D:2)
  An ooze (D:1)
  A worm (D:2)
  4 dart slugs
  A leopard gecko (D:1)
  A ball python (D:1)
  5 giant cockroaches
  6 goblins
  3 hobgoblins
  3 jackals (D:1)
  6 kobolds (D:1)
  2 quokkas (D:2)
  6 bats
  3 frilled lizards
  6 rats
50 creatures vanquished.

Notes
Turn   | Place    | Note
-------+----------+-------------------------------------------
     0 | D:1      | PentaManta the Ghoul Artificer began the quest for the Orb.
     0 | D:1      | Reached XP level 1. HP: 16/16 MP: 0/0
    34 | D:1      | Reached skill level 1 in Dodging
   500 | D:1      | Reached XP level 2. HP: 23/23 MP: 1/1
   531 | D:1      | Reached skill level 1 in Unarmed Combat
   799 | D:1      | Reached XP level 3. HP: 23/28 MP: 2/2
  1472 | D:2      | Found a runed translucent door.
  1473 | D:2      | Noticed Crazy Yiuf
  1649 | D:2      | Reached XP level 4. HP: 32/35 MP: 3/3
  2248 | D:2      | Paralysed by Crazy Yiuf for 6 turns
  2250 | D:2      | HP: 1/35 [Crazy Yiuf/+4 quarterstaff of chaos (8)]
  2252 | D:2      | Slain by Crazy Yiuf

Illustrated notes

Levels and vault maps discovered:
D:1:      minmay_arrival_statue_studded, layout_loops_ring
D:2:      layout_basic, uniq_crazy_yiuf_cottage

Skill      XL: |  1  2  3 |
---------------+----------+-----
Dodging        | 1 2 |  2.0
Armour         | 2 |  2.5
Unarmed Combat | 1 2 |  2.8
Fighting       | |  1.1
Stealth        | |  1.1
Evocations     | |  2.6

Action                   |  1- 3 |  4- 6 || total
-------------------------+-------+-------++-------
Melee: Unarmed           |   162 |    50 ||   212
       Punch             |     1 |       ||     1
 Stab: Sleeping          |     1 |       ||     1
Armor: Leather armour    |    36 |       ||    36
       Ring mail         |    12 |    23 ||    35
Dodge: Dodged            |   100 |    22 ||   122

Table legend: (Time is in decaauts)
 A = Elapsed time spent in this place.
 B = Non-inter-level travel time spent in this place.
 C = Inter-level travel time spent in this place.
 D = Time resting spent in this place.
 E = Time spent auto-exploring this place.
 F = Levels seen in this place.
 G = Mean time per level.
                   A        B        C        D        E       F      G
               +--------+--------+--------+--------+--------+-----+--------+
         Total |   2245 |   2201 |     44 |      0 |   1804 |   2 | 1122.5 |
       Dungeon |   2245 |   2201 |     44 |      0 |   1804 |   2 | 1122.5 |
               +--------+--------+--------+--------+--------+-----+--------+

Top non-repeatable levels by time:
     D:1: 1377 daAuts
     D:2: 867 daAuts
